 Dungeon Crawl Stone Soup version 0.30-a0-414-gcb316572d5 (webtiles) character file.

Game seed: 7834257875676834277

24 cforsyth the Chopper (level 3, -1/33 HPs)
             Began as a Hill Orc Monk on Dec 7, 2022.
             Slain by a gnoll
             ... wielding a +0 club
              (4 damage)
             ... on level 2 of the Dungeon.
             The game lasted 00:00:48 (773 turns).

cforsyth the Chopper (Hill Orc Monk)                 Turns: 773, Time: 00:00:48

Health: -1/33      AC:  2    Str: 13    XL:     3   Next: 2%
Magic:  3/3        EV: 12    Int: 12    God:
Gold:   33         SH:  0    Dex: 13    Spells: 2/2 levels left

rFire   . . .      SeeInvis .    a - +0 hand axe
rCold   . . .      Faith    .    (no shield)
rNeg    . . .      Spirit   .    b - +0 robe
rPois   .          Reflect  .    (no helmet)
rElec   .          Harm     .    (no cloak)
rCorr   .          Rampage  .    (no gloves)
Will    .....                    (no boots)
Stlth   ++........               (no amulet)
HPRegen 0.25/turn                (no ring)
MPRegen 0.08/turn                (no ring)

@: no status effects
A: no striking features
a: no special abilities


You were on level 2 of the Dungeon.
You visited 1 branch of the dungeon, and saw 2 of its levels.

You collected 33 gold pieces.

Inventory:

Hand Weapons
 a - a +0 hand axe (weapon)
Armour
 b - a +0 robe (worn)
Scrolls
 d - a scroll of identify {unknown}
 f - a scroll of poison {unknown}
 h - a scroll of teleportation {unknown}
Potions
 c - a potion of ambrosia
 e - a potion of attraction {unknown}
 g - 2 potions of mutation {unknown}


   Skills:
 + Level 4.0 Fighting
 + Level 4.4 Axes
 + Level 2.6 Dodging
 + Level 2.0 Stealth


You had 2 spell levels left.
You didn't know any spells.
Your spell library was empty.

Dungeon Overview and Level Annotations

Branches:
Dungeon (2/15)

Altars:


Message History

You hit the ball python. You punch the ball python.
You kill the ball python!
You have reached level 3!
Your experience leads to an increase in your attributes!
Increase (S)trength, (I)ntelligence, or (D)exterity?
You feel clever. x2
h - a scroll labelled WYSSOA GAMNEGOIFIR A ball python comes into view.
A ball python is nearby! 2 gnolls come into view.
The gnoll shouts!
The gnoll moves out of view.
Found a scroll labelled TUDIHU XEFE.
A gnoll comes into view. It is wielding a +0 halberd.
You closely miss the gnoll.
The ball python hisses angrily.
The gnoll hits you with a +0 flail!
You hit the gnoll.
The gnoll is moderately wounded.
You hit the ball python.
You kill the ball python!
The gnoll hits you with a +0 flail!
You are too injured to fight recklessly!
You are too injured to fight recklessly!
You are too injured to fight recklessly!
You are too injured to fight recklessly!
You are too injured to fight recklessly!
You are too injured to fight recklessly!
You are too injured to fight recklessly!
You are too injured to fight recklessly!
You are too injured to fight recklessly!
You are too injured to fight recklessly!
You hit the gnoll.
The gnoll is heavily wounded.
The gnoll hits you with a +0 club!
* * * LOW HITPOINT WARNING * * *
The gnoll hits you with a +0 flail.
* * * LOW HITPOINT WARNING * * *
The gnoll hits you with a +0 club.
You die...

?# ##.# #..
##.#####
#......#
####..###.#
#..g..# #.#
#...#.# #.#
#.@g..# #.#
##.######.#
..##...#.#
..###.#.#.###
### #.#.....#
#.#...#.#
#######.#.###<#
#.........# ###
#........##


You could see 2 gnolls.

Vanquished Creatures
  2 bats (D:1)
  4 endoplasms (D:1)
  A giant cockroach (D:1)
  2 hobgoblins (D:1)
  3 jackals (D:1)
  A quokka (D:1)
  2 ball pythons (D:2)
  3 frilled lizards (D:1)
  2 goblins (D:1)
  3 rats (D:1)
23 creatures vanquished.

Notes
Turn   | Place    | Note
-------+----------+-------------------------------------------
     0 | D:1      | cforsyth the Hill Orc Monk began the quest for the Orb.
     0 | D:1      | Reached XP level 1. HP: 19/19 MP: 1/1
   173 | D:1      | Reached XP level 2. HP: 27/27 MP: 2/2
   748 | D:2      | Reached XP level 3. HP: 33/33 MP: 3/3
   773 | D:2      | Slain by a gnoll

Illustrated notes

Levels and vault maps discovered:
D:1:      mrwooster_arrival_statue_3, layout_basic
D:2:      cheibrodos_fertilizer, layout_basic, serial_shops,
          nicolae_shop_hallway_stairs, basic_altar

Skill      XL: |  1  2 |
---------------+-------+-----
Fighting       | 4 |  4.0
Stealth        | 2 |  2.0
Axes           | |  4.4
Dodging        | |  2.6

Action                   || total
-------------------------++-------
Melee: Hand axe          ||    56
       Punch             ||     1
 Stab: Sleeping          ||     4
Armor: Robe              ||    10
Dodge: Dodged            ||    35

Table legend: (Time is in decaauts)
 A = Elapsed time spent in this place.
 B = Non-inter-level travel time spent in this place.
 C = Inter-level travel time spent in this place.
 D = Time resting spent in this place.
 E = Time spent auto-exploring this place.
 F = Levels seen in this place.
 G = Mean time per level.
                   A        B        C        D        E       F      G
               +--------+--------+--------+--------+--------+-----+--------+
         Total |    778 |    753 |     25 |      0 |    615 |   2 |  389.0 |
       Dungeon |    778 |    753 |     25 |      0 |    615 |   2 |  389.0 |
               +--------+--------+--------+--------+--------+-----+--------+

Top non-repeatable levels by time:
     D:1: 742 daAuts
     D:2: 35 daAuts
